General information
- name: BNet
- type: Ladder 1vs1/FFA
- host: Battle.net
- saver: Lovefool
map: BrokenShard
- players: 2
- length: 19:21
- speed: Fast
- version: 1.23 W3XP
- replay type: Public
» download(63 KB)
Players
team 1 (winner)
Lovefool (
pink | 83 APM | 1607 actions | 19:21)
5 Blademaster
2 Wind Walk
3 Critical Strike
3 Shadow Hunter
1 Hex
2 Healing Wave
2 Dark Ranger
1 Silence
1 Black Arrow
» actions
| Assign group hotkey | 59 | |
| Basic commands | 168 | |
| Build / train | 59 | |
| Enter build submenu | 14 | |
| Enter hero's abilities submenu | 9 | |
| Give item / drop item | 1 | |
| Right click | 753 | |
| Select / deselect | 231 | |
| Select group hotkey | 244 | |
| Use ability | 69 | |
1607 total
» units
| Peon | 9 | |
| Grunt | 8 | |
| Demolisher | 5 | |
| Tauren | 5 | |
27 total
» upgrades
| Berserker Strength | 1 | |
| Ranged Weapons | 1 | |
| Burning Oil | 1 | |
| Pulverize | 1 | |
| Melee Weapons | 1 | |
| Armor | 1 | |
6 total
» buildings
| Altar of Storms | 1 | |
| Orc Burrow | 6 | |
| Barracks | 2 | |
| Voodoo Lounge | 1 | |
| Stronghold | 1 | |
| War Mill | 1 | |
| Fortress | 1 | |
| Tauren Totem | 2 | |
| Beastiary | 1 | |
16 total
» build order
00:10 Altar of Storms
00:14 Orc Burrow
00:29 Barracks
01:36 Orc Burrow
02:10 Voodoo Lounge
03:03 Stronghold
04:08 Barracks
04:22 War Mill
04:48 Orc Burrow
06:50 Orc Burrow
08:37 Fortress
12:10 Tauren Totem
12:12 Orc Burrow
13:13 Tauren Totem
17:23 Orc Burrow
17:36 Beastiary
» items
| Healing Salve | 3 | |
| Lesser Clarity Potion | 2 | |
| Scroll of Speed | 3 | |
| Scroll of Town Portal | 2 | |
| Tiny Great Hall | 1 | |
11 total
team 2 (loser)
HuNt (
blue | 71 APM | 1365 actions | 19:19)
4 Archmage
2 Summon Water Elemental
2 Brilliance Aura
3 Mountain King
2 Storm Bolt
1 Bash
» actions
| Assign group hotkey | 32 | |
| Basic commands | 5 | |
| Build / train | 64 | |
| Enter build submenu | 19 | |
| Enter hero's abilities submenu | 7 | |
| Give item / drop item | 3 | |
| Right click | 662 | |
| Select / deselect | 302 | |
| Select group hotkey | 177 | |
| Use ability | 94 | |
1365 total
» units
| Peasant | 17 | |
| Footman | 10 | |
| Sorceress | 4 | |
| Priest | 3 | |
| Spell Breaker | 4 | |
38 total
» upgrades
| Magic Sentry | 1 | |
| Sorceress Training | 1 | |
| Priest Training | 1 | |
3 total
» buildings
| Altar of Kings | 1 | |
| Farm | 9 | |
| Barracks | 1 | |
| Arcane Vault | 2 | |
| Scout Tower | 1 | |
| Arcane Tower | 1 | |
| Lumber Mill | 1 | |
| Keep | 1 | |
| Arcane Sanctum | 3 | |
| Castle | 2 | |
22 total
» build order
00:10 Altar of Kings
00:22 Farm
00:37 Barracks
00:52 Farm
01:40 Farm
03:08 Arcane Vault
03:20 Scout Tower
03:33 Arcane Tower
04:02 Lumber Mill
04:12 Farm
04:47 Keep
06:30 Farm
07:25 Arcane Sanctum
07:26 Arcane Sanctum
08:45 Arcane Sanctum
08:47 Arcane Vault
13:59 Farm
16:21 Farm
16:22 Farm
17:59 Farm
18:03 Castle
18:03 Castle
» items
| Boots of Speed | 2 | |
| Circlet of Nobility | 1 | |
| Scroll of Regeneration | 2 | |
| Lesser Clarity Potion | 1 | |
| Scroll of Town Portal | 1 | |
| Potion of Healing | 1 | |
| Potion of Lesser Invulnerability | 1 | |
| Scroll of Protection | 1 | |
10 total
Chat log
(19:15 / All) HuNt: gg
(19:17 / All) Lovefool: gg